 Dungeon Crawl Stone Soup version 0.30-a0-629-gd54f4be4f7 (webtiles) character file.

Game seed: 14836726809663177504

836 bmack86 the Trooper (level 7, 0/64 HPs)
             Began as a Minotaur Fighter on Jan 13, 2023.
             Was an Initiate of Okawaru.
             Killed from afar by Dowan (12 damage)
             ... with a stone arrow
             ... on level 4 of the Dungeon.
             The game lasted 00:08:50 (2523 turns).

bmack86 the Trooper (Minotaur Fighter)              Turns: 2523, Time: 00:08:51

Health: 0/64       AC: 13    Str: 22    XL:     7   Next: 66%
Magic:  6/6        EV:  6    Int:  5    God:    Okawaru [......]
Gold:   239        SH:  5    Dex: 10    Spells: 6/6 levels left

rFire   . . .      SeeInvis .    a - +0 war axe
rCold   . . .      Faith    .    c - +0 buckler
rNeg    . . .      Spirit   .    y - +0 plate armour
rPois   .          Reflect  .    (helmet restricted)
rElec   .          Harm     .    u - +0 cloak
rCorr   .          Rampage  .    (no gloves)
Will    .....                    (no boots) Stlth
                                 m - amulet of the acrobat
HPRegen 0.30/turn                (no ring)
MPRegen 0.10/turn                (no ring)

@: no status effects
A: horns 2, retaliatory headbutt
a: Renounce Religion


You were on level 4 of the Dungeon.
You worshipped Okawaru.
Okawaru was noncommittal.
You visited 1 branch of the dungeon, and saw 4 of its levels.
You also visited: Sewer.

You collected 239 gold pieces.

Inventory:

Hand Weapons
 a - a +0 war axe (weapon)
Missiles
 f - 17 poisoned darts
 g - 2 throwing nets
 i - 5 boomerangs of dispersal
 o - 6 boomerangs (quivered)
Armour
 c - a +0 buckler (worn)
 u - a +0 cloak (worn)
 y - a +0 plate armour (worn)
Jewellery
 m - an amulet of the acrobat (around neck)
 x - a ring of resist corrosion
Scrolls
 e - 3 scrolls of blinking
 j - 2 scrolls of enchant weapon {unknown}
 n - 5 scrolls of identify
 p - a scroll of silence {unknown}
 q - a scroll of brand weapon {unknown}
 r - 3 scrolls of teleportation {unknown}
Potions
 d - 3 potions of might
 k - 2 potions of resistance
 s - a potion of mutation {unknown}
 t - a potion of heal wounds
 v - a potion of ambrosia {unknown}
 w - a potion of degeneration {unknown}


   Skills:
 * Level 6.5 Fighting
 * Level 6.0 Axes
 + Level 2.7 Throwing
 + Level 5.5 Armour
 + Level 5.3 Shields


You had 6 spell levels left.
You didn't know any spells.
Your spell library contained the following spells:

 Spells                   Type           Power      Damage    Failure   Level
 Ignite Poison            Fire/Tmut/Pois 0%         N/A       100%        3
 Manifold Assault         Tloc           0%         N/A       100%        4
 Sticky Flame             Conj/Fire      0%         2d3       100%        4
 Dispersal                Tloc           0%         N/A       100%        6
 Disjunction              Tloc           0%         N/A       100%        8
 Ignition                 Fire           0%         3d3       100%        8


Dungeon Overview and Level Annotations

Branches:
Dungeon (4/15)              Sewer (visited)
 Temple: D:4-7

Altars:
Kikubaaqudgha
Makhleb
Nemelex Xobeh
Okawaru

Annotations:
D:4 Dowan


Innate Abilities, Weirdness & Mutations

You have a pair of horns on your head.
You reflexively headbutt those who attack you in melee.


Message History

Dowan hits you with a +2 dagger of protection.
You slash Duvessa!
Duvessa is severely wounded.
You hit Dowan. You barely miss the scorpion.
You feel very sick. You block Duvessa's attack. The scorpion barely misses you.
Duvessa says, "My weaknesses are his strengths!"
Duvessa hits you with a +0 short sword. You block Dowan's attack.
The scorpion stings you but does no damage.
You slash Duvessa!
Duvessa is almost dead.
You closely miss the scorpion. You hit Dowan but do no damage.
You feel sick.
Duvessa hits you with a +0 short sword. x2; Dowan barely misses you.
You block the scorpion's attack.
You hit Duvessa but do no damage.
Duvessa is almost dead.
You closely miss the scorpion. You closely miss Dowan.
You feel sick. Duvessa completely misses you. You block the scorpion's attack.
Dowan hits you but does no damage. Duvessa hits you but does no damage.
You hit Duvessa.
You kill Duvessa!
Okawaru accepts your kill.
Dowan screams, "No!
No!"
Dowan seems to find hidden reserves of power!
You slash Dowan! You barely miss the scorpion.
You feel sick. Dowan gestures at you while chanting.
The stone arrow misses you. The scorpion stings you.
* * * LOW HITPOINT WARNING * * *
You block Dowan's attack. The scorpion barely misses you.
Your Axes skill increases to level 6!
You closely miss Dowan.
Dowan is moderately wounded.
You hit the scorpion.
You kill the scorpion!
Okawaru accepts your kill.
You feel sick.
You are no longer poisoned.
Dowan casts a spell at you. The stone arrow hits you!
You die...

...###......#... ### #.##
...###....###.#####.###..##
.?...).#...#...#..#.......#
...###.##.........)......##
.....### .............####
.....# ...........###
..........##.......##
..).#....# ##.##e.##
....##.... .. #@##
..#.............).#
..#..#...........## ..#..#
......##>.. ..##.. ... ....
.. .... .. ...... ..# ... #
...... ....... ........
....#.#


You could see Dowan (fast).

Vanquished Creatures
  Menkaure (D:4)
  Duvessa (D:4)
  A black bear (D:4)
  An ogre (D:4)
  2 kobold brigands (Sewer)
  A necrophage (D:4)
  A scorpion (D:4)
  4 gnolls (D:4)
  3 adders
  6 river rats (Sewer)
  A worm (D:4)
  A dart slug (D:1)
  An orc (D:3)
  7 endoplasms
  6 giant cockroaches
  13 goblins
  6 hobgoblins
  3 quokkas
  8 ball pythons
  10 bats
  2 frilled lizards
  18 kobolds
  29 rats
126 creatures vanquished.

Notes
Turn   | Place    | Note
-------+----------+-------------------------------------------
     0 | D:1      | bmack86 the Minotaur Fighter began the quest for the Orb.
     0 | D:1      | Reached XP level 1. HP: 19/19 MP: 0/0
    54 | D:1      | Reached XP level 2. HP: 19/27 MP: 1/1
   422 | D:2      | Reached XP level 3. HP: 33/33 MP: 2/2
  1157 | D:3      | Found a burning altar of Makhleb.
  1216 | D:3      | Found an ancient bone altar of Kikubaaqudgha.
  1272 | D:3      | Found a faded altar of an unknown god.
  1295 | D:3      | Found a glowing drain.
  1318 | Sewer    | Entered a sewer
  1340 | Sewer    | Reached XP level 4. HP: 40/41 MP: 3/3
  1353 | Sewer    | Noticed a kobold brigand
  1365 | Sewer    | Killed a kobold brigand
  1366 | Sewer    | Reached skill level 1 in Throwing
  1366 | Sewer    | Reached XP level 5. HP: 25/47 MP: 4/4
  1552 | Sewer    | Reached skill level 5 in Fighting
  1596 | Sewer    | Reached XP level 6. HP: 50/56 MP: 5/5
  1841 | D:3      | Found a sparkling altar of Nemelex Xobeh.
  2203 | D:4      | Noticed Menkaure
  2209 | D:4      | Reached skill level 5 in Axes
  2212 | D:4      | Reached skill level 5 in Armour
  2214 | D:4      | Killed Menkaure
  2215 | D:4      | Reached skill level 5 in Shields
  2215 | D:4      | Reached XP level 7. HP: 33/63 MP: 6/6
  2231 | D:4      | HP: 2/64 [poisoned by an adder]
  2469 | D:4      | Found an iron altar of Okawaru.
  2481 | D:4      | Became a worshipper of Warmaster Okawaru
  2506 | D:4      | Noticed Dowan
  2509 | D:4      | Noticed Duvessa
  2522 | D:4      | Killed Duvessa
  2523 | D:4      | Killed from afar by Dowan

Illustrated notes

Levels and vault maps discovered:
D:1:      lightli_arrival_statuegarden, layout_basic
D:2:      layout_loops_ring, chequers_serial_rivers_room_b
D:3:      layout_basic, bloody_makhleb, nemelex_xobeh_ov_fountains_minmay,
          kiku_gazebo_pond_becter, shapermc_ecumenical_altar_acropolis,
          portal_sewer_entry_f
D:4:      layout_cave_pools, okawaru_ov_weapons_minmay, grunt_decor_resistance,
          uniq_duvessa, uniq_menkaure

Skill      XL: |  1  2  3  4  5  6  7 |
---------------+----------------------+-----
Axes           | 3 4 5 6 |  6.0
Fighting       | 4 5 6 |  6.5
Armour         | 4 5 |  5.5
Shields        | 4 5 |  5.3
Throwing       | 1 2 |  2.7

Action                   |  1- 3 |  4- 6 |  7- 9 || total
-------------------------+-------+-------+-------++-------
Melee: War axe           |    76 |    94 |    29 ||   199
       Headbutt          |     5 |    14 |     2 ||    21
Throw: Boomerang         |       |     4 |       ||     4
  Use: Scroll            |     4 |       |       ||     4
       Potion            |       |     1 |     1 ||     2
Armor: Scale mail        |    23 |       |       ||    23
       Chain mail        |    15 |    54 |    19 ||    88
       Plate armour      |       |       |    13 ||    13
Dodge: Dodged            |    39 |    72 |    17 ||   128
Block: Buckler           |    31 |    37 |    13 ||    81

Table legend: (Time is in decaauts)
 A = Elapsed time spent in this place.
 B = Non-inter-level travel time spent in this place.
 C = Inter-level travel time spent in this place.
 D = Time resting spent in this place.
 E = Time spent auto-exploring this place.
 F = Levels seen in this place.
 G = Mean time per level.
                   A        B        C        D        E       F      G
               +--------+--------+--------+--------+--------+-----+--------+
         Total |   2606 |   2560 |     46 |    111 |   1289 |   5 |  521.2 |
       Dungeon |   2089 |   2043 |     46 |    111 |   1085 |   4 |  522.2 |
         Sewer |    517 |    517 |      0 |      0 |    204 |   1 |  517.0 |
               +--------+--------+--------+--------+--------+-----+--------+

Top non-repeatable levels by time:
     D:2: 631 daAuts
     D:3: 577 daAuts
   Sewer: 517 daAuts
     D:4: 477 daAuts
     D:1: 401 daAuts
